 Dungeon Crawl Stone Soup version 0.27-a0-890-ged2907cb04 (webtiles) character file.

Game seed: 6872691609837167877

44310 Kakkamies the Eclecticist (level 14, -3/98 HPs)
             Began as a Djinni Fire Elementalist on Apr 5, 2021.
             Was a High Priest of Makhleb.
             Slain by Rupert
             ... wielding a +5 great mace of protection
              (33 damage)
             ... on level 6 of the Lair of Beasts.
             The game lasted 01:14:26 (18844 turns).

Kakkamies the Eclecticist (DjFE)                   Turns: 18844, Time: 01:14:27

Health: -3/98      AC:  9    Str:  7    XL:     14   Next: 28%
Gold:   1101       EV: 12    Int: 27    God:    Makhleb [*****.] SH: 15 Dex: 15

rFire    + + .     SeeInvis .   n - staff of poison
rCold    x . .     Faith    .   a - +1 kite shield "Adis" {Will+ Stlth+}
rNeg     . . .     Spirit   .   l - +2 troll leather armour {Snorg}
rPois    ∞         Reflect  +   (no helmet)
rElec    .         Harm     .   e - +0 cloak
rCorr    +         Rampage  .   T - +0 pair of gloves
Will     ++...                  (boots unavailable)
Stlth    +++.......             m - amulet of reflection
HPRegen  1.26/turn              q - +6 ring of intelligence
MPRegen  0.00/turn              o - ring of resist corrosion

@: flying
A: fire resistance 2, cold vulnerability 1, float, innate caster, hp casting,
extra vitality 1
a: Renounce Religion, Minor Destruction, Lesser Servant of Makhleb, Major
Destruction, Greater Servant of Makhleb


You were on level 6 of the Lair of Beasts.
You worshipped Makhleb.
Makhleb was extremely pleased with you.
You visited 3 branches of the dungeon, and saw 19 of its levels.

You collected 1101 gold pieces.

Inventory:

Hand Weapons
 r - the +4 whip "Wixala" {speed, rF+}
   (You found it on level 4 of the Dungeon)

   Attacks with this weapon are significantly faster.
   It protects you from fire.
Armour
 a - the +1 kite shield "Adis" (worn) {Will+ Stlth+}
   (You found it on level 6 of the Lair of Beasts)

   It increases your willpower.
   It makes you more stealthy.
 b - a scarf of invisibility
 e - a +0 cloak (worn)
 l - a +2 troll leather armour (worn) {Snorg}
 O - +0 acid dragon scales
 S - a +2 robe of fire resistance
 T - a +0 pair of gloves (worn)
Magical Staves
 n - a staff of poison (weapon)
Jewellery
 i - a +6 ring of intelligence
 m - an amulet of reflection (around neck)
 o - a ring of resist corrosion (right hand)
 q - a +6 ring of intelligence (left hand)
 H - a +6 ring of strength
 R - a ring of see invisible
Wands
 s - a wand of flame (23)
 y - a wand of paralysis (15)
 K - a wand of acid (19)
 W - a wand of mindburst (11)
 Z - a wand of iceblast (7)
Scrolls
 g - a scroll of fog {unknown}
 h - 3 scrolls of noise {unknown}
 j - 4 scrolls of amnesia {unknown}
 t - 7 scrolls of teleportation {unknown}
 u - 4 scrolls of immolation {unknown}
 w - 2 scrolls of enchant weapon {unknown}
 C - 3 scrolls of magic mapping {unknown}
 E - 2 scrolls of summoning {unknown}
 G - a scroll of fear {unknown}
 M - a scroll of brand weapon {unknown}
 N - a scroll of holy word {unknown}
 Q - 4 scrolls of enchant armour {unknown}
 X - 2 scrolls of blinking {unknown}
Potions
 c - 5 potions of curing
 f - a potion of invisibility
 k - 4 potions of haste
 v - a potion of cancellation {unknown}
 z - 3 potions of brilliance
 A - a potion of lignification {unknown}
 D - 6 potions of attraction
 F - 2 potions of ambrosia
 J - 4 potions of heal wounds
 P - a potion of berserk rage {unknown}
 V - 2 potions of might
Miscellaneous
 U - a box of beasts


   Skills:
 * Level 8.0 Fighting
 * Level 6.5 Armour
 * Level 6.4 Dodging
 - Level 3.0 Stealth
 * Level 6.0 Shields
 - Level 0.3 Unarmed Combat
 * Level 16.5 Spellcasting


You had 11 spell levels left.
You knew the following spells:

 Your Spells              Type           Power      Damage    Failure   Level
a - Foxfire               Conj/Fire      100%       2x1d9     0%          1
b - Conjure Flame         Conj/Fire      84%        6-21      1%          3
c - Inner Flame           Hex/Fire       84%        N/A       1%          3
d - Sticky Flame          Conj/Fire      84%        2d10      1%          4
e - Fireball              Conj/Fire      42%        3d17      1%          5
f - Sting                 Tmut/Pois      100%       1d8       0%          1
g - Passwall              Tmut/Erth      70%        N/A       1%          2
h - Summon Guardian Gole  Hex/Summ       84%        N/A       1%          3
i - Stone Arrow           Conj/Erth      100%       3d13      1%          3
j - Hydra Form            Tmut           42%        N/A       1%          5
k - Summon Forest         Summ/Tloc      42%        N/A       1%          5
Your spell library was empty.

Dungeon Overview and Level Annotations

Branches:
Dungeon (12/15)            Temple (1/1) D:6            Lair (6/6) D:11
  Swamp (0/4) Lair:2       Spider (0/4) Lair:3        Slime (0/5) Lair:6
    Orc: D:9-12

Altars:
Ashenzari
Cheibriados
Dithmenos
Elyvilon
Fedhas
Gozag
Hepliaklqana
Kikubaaqudgha
Makhleb
Nemelex Xobeh
Okawaru
Qazlal
Ru
Sif Muna
Trog
Uskayaw
Vehumet
Wu Jian
Xom
Yredelemnul
Zin
The Shining One
Jiyva

Shops:
D:4 (   D:5 !   D:10 :   D:11 *

Annotations:
D:6 2 runed translucent doors, stripedtigrrr's ghost, novice OpAK
Lair:1 1 runed translucent door
Lair:4 3 runed translucent doors, Minuumom's ghost, journeyman DsVM; Torax's ghost, journeyman DjCj; Vuppis's ghost, journeyman DsVM; Ytzathau's ghost, journeyman MiDe
Lair:6 Rupert


Innate Abilities, Weirdness & Mutations

You are immune to poison.
Your flesh is very heat resistant. (rF++)
You are vulnerable to cold. (rC-)
You float through the air rather than walking.
You learn spells naturally, not from books.
Your magical power is your life essence.
You have superior vitality. (+4 HP)


Message History

Rupert rages.
Rupert hits you with a +5 great mace of protection!!
You hear a bellow!
Casting: Summon Guardian Golem (safe; 1% risk of failure)
Confirm with . or Enter, or press ? or * to list all spells.
Aiming: Fireball (mildly dangerous; 1% risk of failure)
Press: ? - help, Shift-Dir - straight line, p - Rupert
Okay, then.
Casting: Fireball (mildly dangerous; 1% risk of failure)
Confirm with . or Enter, or press ? or * to list all spells.
Aiming: Fireball (mildly dangerous; 1% risk of failure)
Press: ? - help, Shift-Dir - straight line, p - Rupert
Okay, then.
Casting: Fireball (mildly dangerous; 1% risk of failure)
Confirm with . or Enter, or press ? or * to list all spells.
Aiming: Fireball (mildly dangerous; 1% risk of failure)
Press: ? - help, Shift-Dir - straight line, p - Rupert
Okay, then.
Unknown command.
Unknown command.
Casting: Fireball (mildly dangerous; 1% risk of failure)
Confirm with . or Enter, or press ? or * to list all spells.
Aiming: Sticky Flame (safe; 1% risk of failure)
Press: ? - help, Shift-Dir - straight line, f/p - Rupert
Aim: Rupert, wielding a +5 great mace of protection and wearing a +0 chain mail (lightly wounded, berserk, ally target, 0% to evade)
The sticky flame hits Rupert!
Rupert is lightly wounded.
Rupert is covered in liquid flames!
* * * LOW HITPOINT WARNING * * *
Rupert burns!
Rupert barely misses you.
Casting: Sticky Flame (safe; 1% risk of failure)
Confirm with . or Enter, or press ? or * to list all spells.
Aiming: Sting (safe; 0% risk of failure)
Press: ? - help, Shift-Dir - straight line, f/p - Rupert
Aim: Rupert, wielding a +5 great mace of protection and wearing a +0 chain mail (lightly wounded, berserk, covered in liquid flames, ally target, 12% to evade)
You feel a surge of power!
The sting misses Rupert.
* * * LOW HITPOINT WARNING * * *
Rupert burns!
Rupert closely misses you.
Rupert hits you with a +5 great mace of protection!!
You die...

####.............8........P..P...
#######....8..................
###......8..........###.
###......###.(..### #......##
##.### #.P###...## ###
#######...## ###8###...#
#..@@.##..# #...#......##
#.....##......# ......# ##....##
.P###. ###.## . #. ### #


You could see Rupert (berserk, burning, ally target) and a friendly guardian
golem (summoned).

Vanquished Creatures
  Snorg (Lair:6)
  A boulder beetle (Lair:5)
  10 hydras
  A catoblepas (Lair:6)
  2 two-headed ogres (D:10)
  2 bog bodies (Lair:2)
  A deep elf pyromancer (D:12)
  A manticore (Lair:6)
  2 oklob plants (Lair:3)
  13 elephants
  10 black mambas
  Maurice (D:10)
  13 cane toads
  A torpor snail (Lair:6)
  An unseen horror (D:11)
  Psyche (D:8)
  A rime drake (Lair:6)
  8 komodo dragons
  2 trolls
  A polar bear (Lair:4)
  2 hornets
  6 blink frogs
  Prince Ribbit (Lair:2)
  A meliai zombie (D:11)
  A shadow (D:10)
  46 yaks
  2 basilisks
  7 wyverns
  Eustachio (D:6)
  3 wargs (D:11)
  An acid dragon (D:10)
  8 water moccasins
  A sky beast (D:5)
  2 orc warriors
  4 black bears
  An ice beast (D:6)
  3 ogres
  6 wolves
  A necrophage (D:7)
  4 centaurs
  A kobold brigand (D:6)
  2 phantoms
  14 bullfrogs
  4 scorpions
  2 gnoll sergeants
  10 killer bees
  5 wights (D:7)
  3 electric eels (Lair:4)
  3 centaur zombies
  A bullfrog zombie (D:5)
  2 orc priests
  A bullfrog skeleton (D:6)
  2 iguanas
  6 orc wizards
  2 killer bee zombies
  2 hound skeletons
  A howler monkey zombie (D:7)
  11 gnolls
  A howler monkey skeleton (D:5)
  4 adders
  A white imp (D:5)
  An ufetubus (D:4)
  2 adder skeletons
  2 worms (D:2)
  8 dart slugs
  24 orcs
  3 ball pythons
  8 endoplasms
  2 giant cockroaches (D:1)
  5 goblins
  2 hobgoblins
  10 kobolds
  3 quokkas
  6 bats
  A frilled lizard (D:2)
  5 rats
  A bush (Lair:6)
335 creatures vanquished.

Vanquished Creatures (collateral kills)
  A foxfire (Lair:2)
1 creature vanquished.

Vanquished Creatures (others)
  An ogre (D:6)
  615 foxfires
  31 fungi
  45 plants
692 creatures vanquished.

Grand Total: 1028 creatures vanquished

Notes
Turn   | Place    | Note
-------+----------+-------------------------------------------
     0 | D:1      | Kakkamies the Djinni Fire Elementalist began the quest for
                  | the Orb.
     0 | D:1      | Reached XP level 1. HP: 15/15 MP: 0/0
   354 | D:1      | Reached skill level 3 in Spellcasting
   427 | D:1      | Found a faded altar of an unknown god.
   585 | D:1      | Reached XP level 2. HP: 18/21 MP: 0/0
  1671 | D:2      | Reached XP level 3. HP: 24/26 MP: 0/0
  1671 | D:2      | Learned a level 1 spell: Sting
  2529 | D:3      | Reached skill level 1 in Fighting
  2529 | D:3      | Reached XP level 4. HP: 30/32 MP: 0/0
  2550 | D:3      | Reached skill level 4 in Spellcasting
  2755 | D:3      | Found a sacrificial altar of Ru.
  2767 | D:3      | Became a worshipper of Ru the Awakened
  3529 | D:4      | Found Jos Xoniy's Antique Weapon Shop.
  3651 | D:4      | Identified the +4 whip "Wixala" {speed, rF+}
  3667 | D:4      | Noticed a scorpion
  3674 | D:4      | Killed a scorpion
  3675 | D:4      | Reached XP level 5. HP: 32/37 MP: 0/0
  3675 | D:4      | Learned a level 2 spell: Passwall
  3784 | D:4      | Found a stormy altar of Qazlal.
  3784 | D:4      | Found a broken altar of Ashenzari.
  3790 | D:4      | Found a snail-covered altar of Cheibriados.
  4335 | D:5      | Entered Level 5 of the Dungeon
  4368 | D:5      | Reached skill level 5 in Spellcasting
  4537 | D:5      | Reached XP level 6. HP: 34/42 MP: 0/0
  4630 | D:5      | Noticed a black bear
  4666 | D:4      | Killed a black bear
  4789 | D:5      | Noticed a wyvern
  4798 | D:5      | Found Itremuish's Distillery.
  4807 | D:5      | Reached XP level 7. HP: 43/48 MP: 0/0
  4807 | D:5      | Learned a level 3 spell: Summon Guardian Golem
  4929 | D:5      | Reached skill level 6 in Spellcasting
  5593 | D:5      | Killed a wyvern
  5594 | D:5      | Reached skill level 7 in Spellcasting
  5594 | D:5      | Reached XP level 8. HP: 37/55 MP: 0/0
  5973 | D:6      | Found a staircase to the Ecumenical Temple.
  5988 | Temple   | Entered the Ecumenical Temple
  6100 | Temple   | Fell from the grace of Ru
  6100 | Temple   | Became a worshipper of Makhleb the Destroyer
  6132 | D:6      | Noticed a wyvern
  6149 | D:6      | Killed a wyvern
  6309 | D:6      | Reached skill level 8 in Spellcasting
  6415 | D:6      | Found a runed translucent door.
  6420 | D:6      | Noticed stripedtigrrr's ghost (novice OpAK)
  6558 | D:6      | Found a runed translucent door.
  6724 | D:6      | Noticed Eustachio
  6739 | D:6      | Killed Eustachio
  6740 | D:6      | Reached XP level 9. HP: 11/62 MP: 0/0
  6740 | D:6      | Learned a level 3 spell: Stone Arrow
  7111 | D:6      | Reached skill level 9 in Spellcasting
  7400 | D:6      | Found a glowing golden altar of the Shining One.
  8749 | D:8      | Reached skill level 1 in Shields
  8754 | D:8      | Reached skill level 10 in Spellcasting
  9283 | D:8      | Reached * piety under Makhleb
  9520 | D:7      | Reached XP level 10. HP: 39/69 MP: 0/0
 10181 | D:8      | You are sucked into a shaft and drop 2 floors!
 10181 | D:10     | Entered Level 10 of the Dungeon
 10264 | D:10     | Noticed a two-headed ogre
 10715 | D:9      | Reached skill level 11 in Spellcasting
 11013 | D:8      | Noticed Psyche
 11037 | D:8      | Killed Psyche
 11038 | D:8      | Reached skill level 5 in Fighting
 11833 | D:10     | Noticed Maurice
 11841 | D:10     | Killed Maurice
 11842 | D:10     | Reached skill level 1 in Armour
 11980 | D:10     | Noticed a two-headed ogre
 11989 | D:10     | Killed a two-headed ogre
 12089 | D:10     | Found Relat's Book Shoppe.
 12093 | D:10     | Killed a two-headed ogre
 12094 | D:10     | Reached skill level 12 in Spellcasting
 12094 | D:10     | Reached XP level 11. HP: 64/76 MP: 0/0
 12094 | D:10     | Learned a level 5 spell: Hydra Form
 12583 | D:11     | Reached ** piety under Makhleb
 12750 | D:11     | Found a staircase to the Lair.
 12879 | D:11     | Found Voap's General Store.
 13490 | D:12     | Noticed a deep elf pyromancer
 13492 | D:12     | Killed a deep elf pyromancer
 13493 | D:12     | Noticed a seven-headed hydra
 13496 | D:12     | Killed a seven-headed hydra
 13507 | D:12     | Noticed a skeletal warrior
 13673 | Lair:1   | Entered Level 1 of the Lair of Beasts
 13673 | Lair:1   | Noticed an eight-headed hydra
 13678 | Lair:1   | Killed an eight-headed hydra
 13679 | Lair:1   | Reached skill level 13 in Spellcasting
 13759 | Lair:1   | Noticed a seven-headed hydra
 13765 | Lair:1   | Killed a seven-headed hydra
 13866 | Lair:1   | Reached XP level 12. HP: 84/84 MP: 0/0
 14165 | Lair:1   | Found a runed translucent door.
 14727 | Lair:2   | Noticed a six-headed hydra
 14728 | Lair:2   | Reached skill level 14 in Spellcasting
 14731 | Lair:2   | Killed a six-headed hydra
 14876 | Lair:2   | Noticed Prince Ribbit
 14882 | Lair:2   | Killed Prince Ribbit
 14897 | Lair:2   | Reached *** piety under Makhleb
 14915 | Lair:2   | Reached skill level 5 in Armour
 15298 | Lair:2   | Found a staircase to the Swamp.
 15793 | Lair:3   | Noticed an eight-headed hydra
 15796 | Lair:3   | Killed an eight-headed hydra
 15797 | Lair:3   | Reached XP level 13. HP: 90/90 MP: 0/0
 15797 | Lair:3   | Learned a level 5 spell: Summon Forest
 15800 | Lair:3   | Reached skill level 5 in Dodging
 15836 | Lair:3   | Reached skill level 5 in Shields
 15847 | Lair:3   | Found a hole to the Spider Nest.
 15888 | Lair:3   | Reached skill level 15 in Spellcasting
 16391 | Lair:4   | Reached **** piety under Makhleb
 16473 | Lair:4   | Found a runed translucent gate.
 16473 | Lair:4   | Found a runed translucent gate.
 16473 | Lair:4   | Found a runed translucent gate.
 16475 | Lair:4   | Noticed Minuumom's ghost (journeyman DsVM)
 16476 | Lair:4   | Noticed Torax's ghost (journeyman DjCj)
 16476 | Lair:4   | Noticed Vuppis's ghost (journeyman DsVM)
 16476 | Lair:4   | Noticed Ytzathau's ghost (journeyman MiDe)
 18223 | Lair:6   | Entered Level 6 of the Lair of Beasts
 18242 | Lair:6   | Noticed Snorg
 18305 | Lair:6   | Killed Snorg
 18428 | Lair:6   | Reached skill level 16 in Spellcasting
 18450 | Lair:6   | Found a viscous altar of Jiyva.
 18451 | Lair:6   | Found a staircase to the Slime Pits.
 18478 | Lair:6   | Reached XP level 14. HP: 77/97 MP: 0/0
 18494 | Lair:6   | Reached ***** piety under Makhleb
 18699 | Lair:6   | Identified the +1 kite shield "Adis" {Will+ Stlth+}
 18838 | Lair:6   | Noticed Rupert
 18844 | Lair:6   | Slain by Rupert

Illustrated notes

Levels and vault maps discovered:
D:1:      minmay_arrival_loop, layout_basic, basic_ecumenical_altar,
          chequers_serial_rivers_marsh, st_stairs_13, minivault_26
D:2:      layout_basic, roderic_lattice_a, solitary_fountain
D:3:      kennysheep_slugbush, layout_loops_ring, nicolae_overflow_crystal_walls
D:4:      layout_loops_ring, minitemple, serial_shops,
          nicolae_shop_window_shopping, grunt_decor_mini_mirrors
D:5:      layout_cave_pods, serial_shops, shop_fountains, minmay_strange_pillars
D:6:      layout_loops_ring, nicolae_tso_carved_into_rock,
          minmay_temple_entry_waves, ebering_ghost_sewer_f, minivault_23,
          uniq_eustachio
D:7:      layout_basic, serial_aquarium, aquarium_bridge_straight
          [aquarium_subvault_bridge, aquarium_subvault_balcony,
          aquarium_subvault_bridge, aquarium_subvault_wall],
          aquarium_bridge_square [aquarium_subvault_bridge,
          aquarium_subvault_bridge, aquarium_subvault_balcony,
          aquarium_subvault_window], aquarium_window_1, aquarium_window_1,
          aquarium_view_2b
D:8:      layout_basic, uniq_psyche
D:9:      layout_cave_pools, serial_co_window_serial, co_window_corner_a,
          co_window_paths_b, co_window_of_opportunity_a, co_window_paths_a,
          co_window_of_opportunity_a, co_window_cross_3, co_window_corner_b,
          co_window_corner_cb, co_window_broadway_c, co_window_paths_c,
          co_window_paths_c, co_window_2corner, co_window_paths_d,
          glass_columns_b
D:10:     layout_long_grid, serial_shops, kennysheep_little_box, uniq_maurice
D:11:     layout_cave_pods, erik_lair_orcish_takeover, serial_shops,
          nicolae_shop_behind_doors
D:12:     layout_long_grid, erik_orc_3, minivault_20, nzn_hepliaklqana_mist_gate
Temple:   lightli_temple_of_artemis
Lair:1:   gammafunk_indiana_jones, layout_small_grid
Lair:2:   layout_loops_ring, skrybe_swamp_entry_bodies, uniq_prince_ribbit2
Lair:3:   layout_loops_ring, spider_nest_entry_web_field,
          minmay_lair_oklob_chamber
Lair:4:   layout_roguey, gammafunk_ghost_cemetery, serial_bayou_lagoon_b,
          lemuel_fruit_fields
Lair:5:   layout_regular_city, lookout_lair_type, minivault_27,
          grunt_megastairs_1, serial_bayou_shore_b
Lair:6:   evilmike_catoblepas_cave, layout_loops_ring, slime_altar_1,
          nicolae_quartered_pool_medium, uniq_snorg, uniq_rupert

Skill      XL: |  1  2  3  4  5  6  7  8  9 10 11 12 13 14 |
---------------+-------------------------------------------+-----
Spellcasting   | 3 4 5 7 8 10 12 13 14 16 | 16.5
Fighting       | 1 2 3 4 5 6 7 8 |  8.0
Stealth        | 2 3 |  3.0
Dodging        | 3 4 6 |  6.4
Shields        | 1 3 4 5 6 |  6.0
Armour         | 2 3 5 6 |  6.5
Unarmed Combat | |  0.3

Action                   |  1- 3 |  4- 6 |  7- 9 | 10-12 | 13-15 || total
-------------------------+-------+-------+-------+-------+-------++-------
Melee: Staff             |       |       |     3 |       |       ||     3
 Cast: Foxfire           |    70 |    61 |   225 |    27 |     1 ||   384
       Sting             |       |    14 |    15 |     3 |     5 ||    37
       Summon Guardian G |       |       |    13 |     3 |     1 ||    17
       Stone Arrow       |       |       |    18 |     9 |       ||    27
       Fireball          |       |       |       |   153 |   162 ||   315
       Passwall          |       |       |       |     2 |       ||     2
       Hydra Form        |       |       |       |     1 |       ||     1
       Sticky Flame      |       |       |       |       |     1 ||     1
  Use: Scroll            |       |     3 |     1 |     3 |     3 ||    10
Armor: Robe              |     1 |     1 |     7 |     2 |       ||    11
       Troll leather arm |       |       |       |     4 |     4 ||     8
Dodge: Dodged            |     3 |     6 |    33 |    14 |    10 ||    66
Block: Other             |       |     7 |     6 |       |       ||    13
       Buckler           |       |       |    11 |    20 |    12 ||    43
       Reflection        |       |       |     2 |     2 |     1 ||     5
       Kite shield       |       |       |       |       |     1 ||     1

Table legend: (Time is in decaauts)
 A = Elapsed time spent in this place.
 B = Non-inter-level travel time spent in this place.
 C = Inter-level travel time spent in this place.
 D = Time resting spent in this place.
 E = Time spent auto-exploring this place.
 F = Levels seen in this place.
 G = Mean time per level.
                   A        B        C        D        E       F      G
               +--------+--------+--------+--------+--------+-----+--------+
         Total |  18886 |  17653 |   1233 |   2772 |  12437 |  19 |  994.0 |
       Dungeon |  13562 |  12750 |    812 |   2430 |   8566 |  12 | 1130.2 |
        Temple |    123 |    113 |     10 |      0 |    104 |   1 |  123.0 |
          Lair |   5200 |   4789 |    411 |    342 |   3767 |   6 |  866.7 |
               +--------+--------+--------+--------+--------+-----+--------+

Top non-repeatable levels by time:
     D:6: 1695 daAuts
     D:8: 1578 daAuts
     D:5: 1382 daAuts
    D:11: 1278 daAuts
     D:1: 1186 daAuts
     D:3: 1178 daAuts
     D:4: 1163 daAuts
  Lair:1: 1155 daAuts
     D:7: 1145 daAuts
     D:2: 1130 daAuts
  Lair:5: 1037 daAuts
     D:9: 973 daAuts
  Lair:4: 939 daAuts
  Lair:2: 905 daAuts
    D:10: 783 daAuts
